 Dungeon Crawl Stone Soup version 0.31-a0-986-g5e6e4ef867 (webtiles) character file.

Game seed: 15862813476392361056

6969 pokeman the Thaumaturge (level 10, -5/55 (56) HPs)
             Began as a Deep Elf Hedge Wizard on Nov 12, 2023.
             Was a Believer of Vehumet.
             Killed by divine providence
             ... invoked by Jeremiah
              (12 damage)
             ... on level 8 of the Dungeon.
             The game lasted 00:22:30 (8250 turns).

pokeman the Thaumaturge (Deep Elf Hedge Wizard)     Turns: 8250, Time: 00:22:31

HP:   -5/55 (56)    AC:  4    Str:  7    XL:     10   Next: 81%
MP:   7/38          EV: 13    Int: 24    God:    Vehumet [**....]
Gold: 317           SH:  0    Dex: 14    Spells: 15/36 levels left

rFire   . . .        y - +4 dagger
rCold   . . .        (no shield)
rNeg    . . .        b - +0 robe
rPois   +            G - +1 helmet
rElec   .            (no cloak)
rCorr   .            (no gloves)
SInv    .            (no boots)
Will    +....        (no amulet)
Stlth   ++           g - ring of poison resistance
HPRegen 0.29/turn    m - ring of magical power
MPRegen 0.26/turn

%: no passive effects
@: weakened, on blink cooldown, very slightly contaminated, lightly drained
A: no striking features
a: Renounce Religion


You were on level 8 of the Dungeon.
You worshipped Vehumet.
Vehumet was pleased with you.
You visited 2 branches of the dungeon, and saw 9 of its levels.
You also visited: Sewer and Bailey.

You collected 426 gold pieces.
You spent 109 gold pieces at shops.

Inventory:

Hand Weapons
 y - a +4 dagger (weapon)
Missiles
 H - 2 throwing nets
 L - 2 curare-tipped darts
Armour
 b - a +0 robe (worn)
 n - +0 fire dragon scales
 G - a +1 helmet (worn)
 K - a +0 buckler
 M - the +0 helmet "Lumuix" {Str+3}
   (You found it on level 7 of the Dungeon)

   Str+3:     It affects your strength (+3).
Jewellery
 g - a ring of poison resistance (left hand)
 k - a ring of positive energy
 m - a ring of magical power (right hand)
 B - a +6 ring of dexterity
 P - the amulet of Vatsakh {Spirit rPois}
   (You took it off an orc warlord in a bailey)

   [amulet of guardian spirit]

   Spirit:    It causes incoming damage to be divided between your reserves of
   health and magic.
   rPois:     It protects you from poison
Wands
 c - a wand of polymorph (9)
 u - a wand of acid (12)
 A - a wand of mindburst (11)
 E - a wand of paralysis (11)
 I - a wand of iceblast (11)
Scrolls
 f - 5 scrolls of fog
 h - a scroll of fear {unknown}
 j - a scroll of enchant armour {unknown}
 l - 10 scrolls of identify {unknown}
 o - a scroll of brand weapon {unknown}
 t - 3 scrolls of poison {unknown}
 v - 2 scrolls of amnesia {unknown}
 z - a scroll of noise {unknown}
 D - 2 scrolls of silence {unknown}
 F - a scroll of blinking {unknown}
 N - a scroll of teleportation {unknown}
 O - a scroll of revelation {unknown}
 S - a scroll of immolation {unknown}
Potions
 a - 2 potions of degeneration {unknown}
 d - 7 potions of magic
 e - 3 potions of curing {unknown}
 i - 2 potions of brilliance {unknown}
 p - 2 potions of invisibility {unknown}
 q - 4 potions of haste {unknown}
 r - 6 potions of heal wounds {unknown}
 s - a potion of resistance {unknown}
 w - 3 potions of cancellation {unknown}
 x - a potion of enlightenment {unknown}
 C - 3 potions of might {unknown}
 J - 3 potions of mutation {unknown}
 Q - a potion of experience
 R - a potion of lignification {unknown}


   Skills:
 - Level 3.0 Fighting
 - Level 3.0 Armour
 - Level 3.1 Dodging
 - Level 3.2 Stealth
 + Level 3.2 Shields
 * Level 13.6 Spellcasting
 + Level 7.8 Conjurations
 - Level 1.1 Summonings
 - Level 1.1 Translocations
 - Level 1.0 Transmutations
 + Level 5.0 Fire Magic
 - Level 1.0 Ice Magic
 - Level 1.0 Air Magic
 + Level 6.9 Earth Magic
 - Level 1.0 Poison Magic
 - Level 1.1 Evocations


You had 15 spell levels left.
You knew the following spells:

 Your Spells              Type           Power      Damage    Failure   Level
a - Magic Dart            Conj           100%       1d8       1%          1
b - Mephitic Cloud        Conj/Pois/Air  32%        N/A       2%          3
c - Call Imp              Summ           42%        N/A       3%          2
d - Blink                 Tloc           42%        N/A       3%          2
e - Lee's Rapid Deconstr  Erth           24%        3d13*     6%          5
f - Ignite Poison         Fire/Tmut/Pois 27%        N/A       4%          3
g - Freezing Cloud        Conj/Ice/Air   16%        6-21      26%         5

Your spell library contained the following spells:

 Spells                   Type           Power      Damage    Failure   Level
 Static Discharge         Conj/Air       74%        3-7/arc   1%          2
 Shock                    Conj/Air       100%       1d9       1%          1
 Necrotise                Necr           64%        1d7       3%          1
 Slow                     Hex            64%        N/A       3%          1
 Cigotuvi's Dreadful Rot  Necr/Pois/Air  38%        N/A       4%          2
 Swiftness                Air            21%        N/A       7%          3
 Animate Armour           Summ/Erth      70%        N/A       7%          4
 Vampiric Draining        Necr           16%        2d7       11%         3
 Airstrike                Air            10%        2d(2-18)  24%         4
 Summon Lightning Spire   Summ/Air       21%        N/A       24%         4
 Agony                    Necr           16%        N/A       71%         5


Dungeon Overview and Level Annotations

Branches:
Dungeon (8/15)             Temple (1/1) D:4           Sewer (visited)
 Bailey (visited)
   Lair: D:8-11

Altars:
Ashenzari
Cheibriados
Dithmenos
Elyvilon
Fedhas
Gozag
Hepliaklqana
Kikubaaqudgha
Makhleb
Nemelex Xobeh
Okawaru
Ru
Sif Muna
Trog
Uskayaw
Vehumet
Wu Jian
Yredelemnul
The Shining One

Shops:
D:4 *   D:6 =

Annotations:
D:8 Jeremiah


Message History

Aim: Jeremiah, wielding a +3 trident of draining, wearing a +1 robe of willpower and wearing an orb of guile (chance to affect: 62%)
You miscast Mephitic Cloud.
Nothing appears to happen.
The butterfly disappears in a burst of colours!
The butterfly is engulfed in blazing flames.
You kill the butterfly!
The butterfly disappears in a burst of colours!
The gnoll bouda barks out a call to the hunt!
The gnoll picks up the pace!
Jeremiah barely misses you.
Unknown command.
Unknown command.
Casting: Mephitic Cloud (dangerous; 2% risk of failure)
Confirm with . or Enter, or press ? or * to list all spells.
Aiming: Mephitic Cloud (dangerous; 2% risk of failure)
Press: ? - help, Shift-Dir - straight line, f/p - Jeremiah
Aim: Jeremiah, wielding a +3 trident of draining, wearing a +1 robe of willpower and wearing an orb of guile (chance to affect: 62%)
The ball explodes into a vile cloud!
The stinking cloud engulfs Jeremiah but does no damage.
The stinking cloud engulfs the butterfly but does no damage.
The stinking cloud engulfs you but does no damage.
You hear a bellow!
The butterfly is engulfed in blazing flames.
You kill the butterfly!
The butterfly disappears in a burst of colours!
A gnoll comes into view. It is wielding a +0 spear.
The gnoll bouda barks out a call to the hunt!
The gnoll picks up the pace!
Jeremiah is engulfed in noxious fumes.
Jeremiah closely misses you.
Unknown command.
Unknown command.
As you read the scroll labelled YMMIVE RAFATO, it dissolves into smoke.
It was a scroll of fog.
The butterfly is engulfed in blazing flames.
You kill the butterfly!
The butterfly disappears in a burst of colours!
Jeremiah is engulfed in noxious fumes.
Jeremiah lets out a twisted cry.
Something smites you!
You die...
Jeremiah wails, "I didn't mean to kill anyone!
I'm not a murderer!"

#.#.###.#
#....##...#.##
#.#.....#
#..###.#.....
#.##########....#.
......
#..........>.##)#.
......
##################.#.
#.....
#................#รท#.
#....
##.###.#.........#.#.
###. #.#
#.###########.#


#.###bbbbF@bOggY.g# #...bb############# #####.# #.# #<# #.# #.# #.# #.# You
could see a two-headed ogre, Jeremiah, an ice beast, a gnoll bouda and 2 gnolls.

Vanquished Creatures
  An orc warlord (Bailey)
  A two-headed ogre (D:8)
  Pikel (D:7)
  Joseph (D:7)
  A rime drake (D:8)
  Sigmund (D:5)
  2 yaks (D:8)
  A steam dragon (D:7)
  Menkaure (D:7)
  3 water moccasins
  9 ice beasts
  6 orc warriors (Bailey)
  An ogre (D:7)
  3 wolves (D:8)
  3 kobold brigands
  A phantom (D:4)
  2 lemures (D:7)
  3 scorpions
  A bullfrog (D:8)
  6 wights
  9 hounds
  A gnoll bouda (D:5)
  A jelly (D:5)
  A sleepcap (D:7)
  3 iguanas
  Natasha (thrice) (D:3)
  An orc wizard (D:2)
  7 adders
  10 gnolls
  3 ufetubi (D:6)
  A dart slug (D:5)
  9 orcs
  12 ball pythons
  5 endoplasms
  3 giant cockroaches
  14 goblins
  10 hobgoblins
  6 jackals
  A quokka (D:4)
  4 bats
  4 frilled lizards
  40 kobolds
  10 rats
206 creatures vanquished.

Vanquished Creatures (collateral kills)
  A bullfrog (D:6)
  A sleepcap (D:6)
  Ijyb (D:3)
  An ufetubus (D:6)
4 creatures vanquished.

Vanquished Creatures (others)
  A white imp (D:7)
1 creature vanquished.

Grand Total: 211 creatures vanquished

Notes
Turn   | Place    | Note
-------+----------+-------------------------------------------
     0 | D:1      | pokeman the Deep Elf Hedge Wizard began the quest for the
                  | Orb.
     0 | D:1      | Reached XP level 1. HP: 10/10 MP: 7/7
   287 | D:1      | Reached XP level 2. HP: 16/16 MP: 3/9
   587 | D:1      | Reached skill level 5 in Spellcasting
   922 | D:1      | Reached XP level 3. HP: 19/20 MP: 7/11
   926 | D:1      | Learned a level 3 spell: Mephitic Cloud
   929 | D:1      | Learned a level 2 spell: Call Imp
   932 | D:1      | Learned a level 2 spell: Blink
  1373 | D:2      | Reached skill level 1 in Fighting
  1373 | D:2      | Reached skill level 1 in Armour
  1590 | D:2      | Identified the +3 short sword of the Uplifting Gods
                  | {distort, rCorr Str+2}
  1601 | D:2      | Reached XP level 4. HP: 25/25 MP: 9/13
  1872 | D:2      | Identified the +1 leather armour of Bedevilment {-Cast rC-
                  | Regen+ Str+9}
  2278 | D:3      | Found a glowing drain.
  2287 | Sewer    | Entered a sewer
  2644 | Sewer    | Noticed a kobold brigand
  2692 | Sewer    | Killed a kobold brigand
  2693 | Sewer    | Reached skill level 6 in Spellcasting
  2693 | Sewer    | Reached XP level 5. HP: 14/29 MP: 6/15
  2835 | D:3      | Found a sparkling altar of Nemelex Xobeh.
  2835 | D:3      | Noticed Natasha
  2838 | D:3      | Killed Natasha
  2854 | D:3      | Noticed Ijyb
  2895 | D:3      | Killed Ijyb
  3000 | D:3      | Noticed Natasha
  3007 | D:3      | Killed Natasha
  3009 | D:3      | Noticed Natasha
  3018 | D:3      | Killed Natasha
  3019 | D:3      | Reached skill level 1 in Poison Magic
  3019 | D:3      | Reached XP level 6. HP: 21/34 MP: 14/17
  3441 | D:4      | Reached skill level 1 in Air Magic
  3487 | D:4      | Learned a level 5 spell: Lee's Rapid Deconstruction
  3533 | D:4      | Found Isoilaji's Assorted Antiques.
  3538 | D:4      | Bought a scroll labelled IRUJAMIYME for 28 gold pieces
  3538 | D:4      | Bought a pink potion for 25 gold pieces
  3538 | D:4      | Bought a scroll labelled RIAZEULO DIPO for 28 gold pieces
  3538 | D:4      | Bought a scroll labelled IRUJAMIYME for 28 gold pieces
  3924 | D:4      | Found a staircase to the Ecumenical Temple.
  3944 | D:4      | Reached skill level 7 in Spellcasting
  3944 | D:4      | Reached skill level 1 in Evocations
  3953 | D:4      | Reached skill level 1 in Earth Magic
  4163 | D:5      | Entered Level 5 of the Dungeon
  4414 | D:5      | Reached XP level 7. HP: 39/39 MP: 20/20
  4689 | D:5      | Noticed Sigmund
  4710 | D:5      | Killed Sigmund
  4711 | D:5      | Reached skill level 8 in Spellcasting
  5051 | D:5      | Reached XP level 8. HP: 9/44 MP: 9/22
  5064 | D:5      | Reached skill level 9 in Spellcasting
  5219 | Temple   | Entered the Ecumenical Temple
  5226 | Temple   | Became a worshipper of Vehumet
  5550 | D:6      | HP: 1/44 [ice beast (11)]
  5553 | D:6      | Reached skill level 5 in Conjurations
  5784 | D:6      | Found Feth's Jewellery Shop.
  5880 | D:6      | Reached skill level 10 in Spellcasting
  6221 | D:6      | Reached * piety under Vehumet
  6221 | D:6      | Offered knowledge of Sandblast by Vehumet.
  6435 | D:7      | Learned a level 3 spell: Ignite Poison
  6441 | D:7      | Learned a level 5 spell: Freezing Cloud
  6465 | D:7      | Identified the +0 helmet "Lumuix" {Str+3}
  6498 | D:7      | Noticed Joseph
  6516 | D:7      | Killed Joseph
  6517 | D:7      | Reached skill level 1 in Transmutations
  6517 | D:7      | Reached skill level 1 in Fire Magic
  6517 | D:7      | Reached skill level 1 in Ice Magic
  6517 | D:7      | Reached XP level 9. HP: 15/49 MP: 24/25
  6553 | D:7      | Noticed Menkaure
  6565 | D:7      | Killed Menkaure
  6594 | D:7      | Reached skill level 11 in Spellcasting
  6641 | D:7      | Found a basalt altar of Yredelemnul.
  6641 | D:7      | Found a white marble altar of Elyvilon.
  6641 | D:7      | Found a blossoming altar of Fedhas.
  6665 | D:7      | Found a flagged portal.
  6674 | Bailey   | Entered a bailey
  6696 | Bailey   | Noticed an orc warlord
  6791 | Bailey   | Reached skill level 5 in Earth Magic
  6933 | Bailey   | Found a runed translucent gate.
  6957 | Bailey   | Found a runed translucent gate.
  6957 | Bailey   | Found a runed translucent gate.
  7028 | Bailey   | Identified the amulet of Vatsakh {Spirit rPois}
  7108 | Bailey   | Killed an orc warlord
  7108 | Bailey   | Offered knowledge of Static Discharge by Vehumet.
  7109 | Bailey   | Reached skill level 1 in Shields
  7109 | Bailey   | Reached skill level 12 in Spellcasting
  7109 | Bailey   | Reached XP level 10. HP: 36/56 MP: 13/28
  7301 | D:7      | Reached ** piety under Vehumet
  7304 | D:7      | Noticed Pikel
  7318 | D:7      | Killed Pikel
  7833 | D:8      | Noticed a two-headed ogre
  7851 | D:8      | Killed a two-headed ogre
  7928 | D:8      | Reached skill level 13 in Spellcasting
  8219 | D:8      | Noticed Jeremiah
  8240 | D:8      | Reached skill level 5 in Fire Magic
  8246 | D:8      | Noticed a two-headed ogre
  8250 | D:8      | Killed from afar by Jeremiah

Illustrated notes

Levels and vault maps discovered:
D:1:      psy_arrival_dodecagon, layout_loops_ring
D:2:      layout_loops_ring
D:3:      layout_rooms, mainiacjoe_overflow_concentric_impassable,
          cheibrodos_sewer_entry_drain, fountainhead, uniq_natasha, uniq_ijyb
D:4:      layout_loops_cross, minmay_temple_entry_from_below_b, serial_shops,
          shop
D:5:      layout_gridville, grunt_ministairs_1, uniq_sigmund
D:6:      layout_cave_pools, serial_shops, shop
D:7:      layout_rooms, gammafunk_temple_overflow_claw, enter_bailey_3,
          uniq_pikel, uniq_joseph, uniq_menkaure
D:8:      layout_basic, hellmonk_lair_entry_icy, minmay_liquid_box,
          uniq_jeremiah
Temple:   nicolae_temple_no_exploring_needed

Skill      XL: |  1  2  3  4  5  6  7  8  9 10 |
---------------+-------------------------------+-----
Spellcasting   | 5 6 7 8 10 12 13 | 13.6
Fighting       | 1 2 3 |  3.0
Armour         | 1 3 |  3.0
Conjurations   | 2 3 4 5 6 7 |  7.8
Dodging        | 3 |  3.1
Stealth        | 3 |  3.2
Poison Magic   | 1 |  1.0
Air Magic      | 1 |  1.0
Evocations     | 1 |  1.1
Earth Magic    | 1 2 4 5 6 |  6.9
Transmutations | 1 |  1.0
Fire Magic     | 1 3 5 |  5.0
Ice Magic      | 1 |  1.0
Shields        | 1 3 |  3.2
Summonings     | |  1.1
Translocations | |  1.1

Action                     |  1- 3 |  4- 6 |  7- 9 | 10-12 || total
---------------------------+-------+-------+-------+-------++-------
  Melee: Dagger            |    20 |    48 |    68 |    17 ||   153
         Punch             |       |       |     1 |       ||     1
   Cast: Magic Dart        |    82 |   138 |   203 |    27 ||   450
         Mephitic Cloud    |     1 |     9 |    26 |    25 ||    61
         Call Imp          |       |     3 |     5 |       ||     8
         Blink             |       |     1 |     7 |     3 ||    11
         Ignite Poison     |       |       |    11 |    16 ||    27
         Freezing Cloud    |       |       |     2 |     2 ||     4
  Evoke: Wand              |       |       |     2 |       ||     2
    Use: Scroll            |       |       |       |     1 ||     1
   Stab: Confused          |     2 |     3 |     6 |       ||    11
         Distracted        |       |       |     1 |       ||     1
         Sleeping          |       |       |     1 |       ||     1
         Paralysed         |       |       |     4 |       ||     4
 Armour: Robe              |    12 |    48 |    52 |    23 ||   135
  Dodge: Dodged            |    17 |    44 |    55 |    26 ||   142

Table legend: (Time is in decaauts)
 A = Elapsed time spent in this place.
 B = Non-inter-level travel time spent in this place.
 C = Inter-level travel time spent in this place.
 D = Time resting spent in this place.
 E = Time spent auto-exploring this place.
 F = Levels seen in this place.
 G = Mean time per level.
                   A        B        C        D        E       F      G
               +--------+--------+--------+--------+--------+-----+--------+
         Total |   8289 |   8055 |    234 |    486 |   5920 |  11 |  753.5 |
       Dungeon |   7137 |   6915 |    222 |    380 |   5242 |   8 |  892.1 |
        Temple |     14 |      2 |     12 |      0 |      0 |   1 |   14.0 |
         Sewer |    550 |    550 |      0 |      0 |    425 |   1 |  550.0 |
        Bailey |    586 |    586 |      0 |    106 |    252 |   1 |  586.0 |
               +--------+--------+--------+--------+--------+-----+--------+

Top non-repeatable levels by time:
     D:1: 1293 daAuts
     D:5: 1233 daAuts
     D:6: 992 daAuts
     D:2: 915 daAuts
     D:4: 808 daAuts
     D:7: 782 daAuts
     D:3: 638 daAuts
  Bailey: 586 daAuts
   Sewer: 550 daAuts
     D:8: 473 daAuts
  Temple: 14 daAuts
